[ AOE2 MATCH · #477348538 ]
UnrankedArmenians vs Maya
[ REPLAY ANALYSIS · EXTRACTED FROM THE RECORDED GAME ]
Feudal
14:14
Castle
18:26
Imperial
—
| APM avg | 29.2 |
| APM peak | 58 |
| eAPM avg | 18.3 |
| Villagers / military | 42 / 2 |
Focus
⚔️ 27.2% · 🌾 72.8%
Fishing Ship ×11 · Petard ×2
Feudal
14:22
Castle
19:02
Imperial
—
| APM avg | 36.8 |
| APM peak | 59 |
| eAPM avg | 19.0 |
| Villagers / military | 38 / 12 |
Focus
⚔️ 10.9% · 🌾 89.1%
Camel Archer ×7 · Fishing Ship ×6 · Knight ×2 · Mangonel ×2 · Battering Ram ×1
Feudal
13:14
Castle
17:27
Imperial
—
| APM avg | 19.0 |
| APM peak | 36 |
| eAPM avg | 8.1 |
| Villagers / military | 30 / 3 |
Focus
⚔️ 29.5% · 🌾 70.5%
Fishing Ship ×5 · Battering Ram ×2 · Mangonel ×1
Feudal
13:10
Castle
17:05
Imperial
—
| APM avg | 30.8 |
| APM peak | 50 |
| eAPM avg | 15.2 |
| Villagers / military | 46 / 29 |
Focus
⚔️ 33.6% · 🌾 66.4%
Archer ×27 · Fishing Ship ×9 · Mangonel ×1 · Battering Ram ×1
Feudal
15:38
Castle
22:15
Imperial
—
| APM avg | 20.6 |
| APM peak | 43 |
| eAPM avg | 15.4 |
| Villagers / military | 71 / 4 |
Focus
⚔️ 15.9% · 🌾 84.1%
Fishing Ship ×20 · Gbeto ×4
Feudal
13:14
Castle
17:25
Imperial
—
| APM avg | 29.8 |
| APM peak | 61 |
| eAPM avg | 18.6 |
| Villagers / military | 64 / 0 |
Focus
⚔️ 34.2% · 🌾 65.8%
Unknown (2562) ×21 · Fishing Ship ×9
Feudal
14:10
Castle
17:39
Imperial
—
| APM avg | 93.0 |
| APM peak | 168 |
| eAPM avg | 33.1 |
| Villagers / military | 38 / 33 |
Focus
⚔️ 16.8% · 🌾 83.2%
Conquistador ×33 · Fishing Ship ×14
Feudal
13:04
Castle
20:22
Imperial
—
| APM avg | 29.3 |
| APM peak | 60 |
| eAPM avg | 15.3 |
| Villagers / military | 61 / 12 |
Focus
⚔️ 24.3% · 🌾 75.7%
Fishing Ship ×14 · Fire Galley ×5 · Unknown (2626) ×5 · Hussite Wagon ×4 · Galley ×1 · Mangonel ×1
Match map
Initial resources + every placement click. Lines = walls · curves = elevation contours. ◆ gold · ⬟ stone · ● berries · ✦ relic · ◌ wall gap
Your base· Open — 8t gap
X-F's base· Open — 9t gap
Lgame's base· Open — 8t gap
Maruvian's base· Open — 10t gap
Prince Of The Darkness's base· Open — 12t gap
SNWY4's base· Open — 10t gap
forest's base· Open — unwalled flank
CAPTAIN FALCON's base· ✓ Closed at 20:22 · 4t walls · 1 gate(s) · fragile
Smoothed initial terrain · ◌ = detected wall gap · hover for details
Inputs per minute
— Seven4Ever - - X-F
Build order — Seven4Ever
92 actions detected in the replay
| 0:07 | Build | Town Center |
| 1:12 | Build | Dock |
| 1:14 | Build | House |
| 2:29 | Create | Villager (Male) ×4 |
| 3:36 | Research | Loom |
| 3:42 | Create | Villager (Male) |
| 3:58 | Build | House |
| 4:10 | Create | Fishing Ship |
| 4:28 | Create | Villager (Male) |
| 5:05 | Create | Villager (Male) |
| 5:12 | Create | Fishing Ship |
| 5:22 | Build | House |
| 5:25 | Build | House |
| 5:39 | Create | Villager (Male) |
| 5:39 | Create | Villager (Male) |
| 5:56 | Create | Fishing Ship |
| 6:03 | Create | Villager (Male) |
| 6:30 | Create | Villager (Male) |
| 6:30 | Create | Villager (Male) |
| 6:42 | Create | Fishing Ship |
| 7:05 | Create | Villager (Male) |
| 7:05 | Create | Villager (Male) |
| 7:07 | Build | House |
| 7:26 | Create | Fishing Ship |
| 7:41 | Create | Villager (Male) |
| 7:41 | Create | Villager (Male) |
| 7:49 | Build | House |
| 7:50 | Build | House |
| 8:02 | Build | House |
| 8:07 | Build | House |
| 8:10 | Build | House |
| 8:12 | Create | Villager (Male) |
| 8:12 | Create | Villager (Male) |
| 8:24 | Create | Fishing Ship |
| 8:38 | Create | Villager (Male) |
| 8:50 | Build | Palisade Wall |
| 8:57 | Create | Villager (Male) |
| 8:59 | Create | Fishing Ship |
| 9:23 | Build | Palisade Wall |
| 9:26 | Build | Palisade Wall |
| 9:30 | Create | Villager (Male) |
| 9:31 | Create | Villager (Male) |
| 9:35 | Create | Fishing Ship |
| 9:49 | Create | Villager (Male) |
| 9:51 | Create | Fishing Ship |
| 10:15 | Create | Villager (Male) |
| 10:15 | Create | Villager (Male) |
| 10:24 | Build | Mule Cart |
| 10:42 | Create | Fishing Ship |
| 10:58 | Build | Mule Cart |
| 11:17 | Create | Villager (Male) |
| 11:24 | Create | Fishing Ship |
| 11:51 | Build | Mill |
| 12:04 | Research | Feudal Age |
| 12:33 | Create | Villager (Male) |
| 14:14 | Age | Feudal Age |
| 14:21 | Build | Market |
| 14:23 | Build | Blacksmith |
| 14:27 | Research | Town Watch |
| 15:47 | Research | Castle Age |
| 16:35 | Build | Watch Tower |
| 18:26 | Age | Castle Age |
| 18:28 | Build | Castle |
| 19:29 | Create | Petard |
| 19:29 | Create | Petard |
| 21:10 | Build | Town Center |
| 22:36 | Build | Farm |
| 22:37 | Build | Farm |
| 22:38 | Build | Farm |
| 22:40 | Build | Farm |
| 22:43 | Build | Farm |
| 23:25 | Build | Mill |
| 23:37 | Build | Stone Wall |
| 23:39 | Build | Gate |
| 23:45 | Build | Stone Wall |
| 23:48 | Create | Villager (Male) |
| 24:04 | Create | Villager (Male) |
| 24:22 | Create | Villager (Male) |
| 24:22 | Create | Villager (Male) |
| 25:03 | Create | Villager (Male) |
| 25:12 | Create | Villager (Male) |
| 25:30 | Create | Villager (Male) |
| 25:52 | Create | Villager (Male) |
| 25:52 | Create | Villager (Male) |
| 26:07 | Build | Castle |
| 26:28 | Create | Villager (Male) |
| 27:21 | Create | Villager (Male) |
| 28:02 | Create | Villager (Male) |
| 28:02 | Create | Villager (Male) |
| 28:07 | Build | Dock |
| 28:40 | Create | Villager (Male) |
| 28:54 | Create | Villager (Male) |
Build order — X-F
100 actions detected in the replay
| 0:18 | Build | Dock |
| 1:07 | Build | House |
| 1:14 | Build | Town Center |
| 3:32 | Create | Villager (Male) |
| 3:33 | Create | Villager (Male) |
| 3:36 | Create | Villager (Male) |
| 3:37 | Create | Villager (Male) |
| 3:37 | Create | Villager (Male) |
| 5:23 | Create | Fishing Ship |
| 5:23 | Create | Fishing Ship |
| 5:46 | Build | House |
| 5:48 | Create | Villager (Male) |
| 5:50 | Research | Loom |
| 6:11 | Build | Palisade Wall |
| 6:34 | Create | Villager (Male) |
| 6:44 | Create | Fishing Ship |
| 7:04 | Create | Villager (Male) |
| 7:15 | Build | House |
| 7:20 | Build | Palisade Wall |
| 7:23 | Create | Villager (Male) |
| 8:02 | Create | Villager (Male) |
| 8:03 | Create | Villager (Male) |
| 8:17 | Create | Fishing Ship |
| 8:29 | Create | Villager (Male) |
| 8:30 | Create | Villager (Male) |
| 8:56 | Build | House |
| 9:31 | Create | Villager (Male) |
| 9:44 | Build | Palisade Wall |
| 9:50 | Create | Fishing Ship |
| 10:28 | Create | Villager (Male) |
| 10:29 | Create | Villager (Male) |
| 10:55 | Create | Villager (Male) |
| 11:01 | Build | Mill |
| 11:47 | Create | Villager (Male) |
| 11:50 | Research | Feudal Age |
| 12:46 | Build | Mining Camp |
| 13:12 | Create | Fishing Ship |
| 13:15 | Build | House |
| 13:39 | Build | Outpost |
| 14:21 | Build | Outpost |
| 14:22 | Age | Feudal Age |
| 14:51 | Build | Market |
| 14:56 | Build | Palisade Wall |
| 15:07 | Create | Villager (Male) |
| 15:08 | Create | Villager (Male) |
| 15:30 | Build | Blacksmith |
| 15:33 | Create | Villager (Male) |
| 16:06 | Build | House |
| 16:21 | Research | Castle Age |
| 16:32 | Build | Palisade Wall |
| 16:34 | Build | Palisade Wall |
| 17:15 | Build | House |
| 17:21 | Build | Palisade Gate |
| 17:48 | Build | Outpost |
| 17:59 | Build | Lumber Camp |
| 18:36 | Create | Villager (Male) |
| 19:02 | Age | Castle Age |
| 19:12 | Build | Castle |
| 19:27 | Create | Villager (Male) |
| 19:30 | Research | Double-Bit Axe |
| 19:51 | Create | Villager (Male) |
| 19:59 | Create | Villager (Male) |
| 19:59 | Create | Villager (Male) |
| 20:08 | Build | Siege Workshop |
| 20:22 | Build | Town Center |
| 20:26 | Create | Villager (Male) |
| 21:08 | Create | Villager (Male) |
| 21:11 | Create | Battering Ram |
| 21:14 | Create | Villager (Male) |
| 21:27 | Build | Palisade Wall |
| 21:30 | Create | Villager (Male) |
| 21:36 | Research | Wheelbarrow |
| 22:10 | Build | Barracks |
| 22:15 | Create | Camel Archer |
| 22:15 | Create | Camel Archer |
| 22:28 | Create | Villager (Male) |
| 23:19 | Build | Stable |
| 23:21 | Create | Villager (Male) |
| 23:26 | Build | Farm |
| 23:26 | Build | Farm |
| 23:27 | Create | Mangonel |
| 23:40 | Create | Camel Archer |
| 23:48 | Create | Knight |
| 23:54 | Build | Farm |
| 24:15 | Create | Knight |
| 25:15 | Build | Farm |
| 25:17 | Build | Farm |
| 25:19 | Create | Villager (Male) |
| 26:03 | Create | Camel Archer |
| 26:03 | Create | Camel Archer |
| 26:03 | Create | Camel Archer |
| 26:53 | Create | Villager (Male) |
| 27:21 | Build | Castle |
| 27:35 | Create | Camel Archer |
| 27:46 | Create | Villager (Male) |
| 28:44 | Build | Mining Camp |
| 28:59 | Create | Mangonel |
| 29:01 | Create | Villager (Male) |
| 29:02 | Create | Villager (Male) |
| 29:02 | Create | Villager (Male) |
Build order — Lgame
89 actions detected in the replay
| 0:20 | Build | Town Center |
| 0:39 | Build | Dock |
| 2:02 | Build | House |
| 2:51 | Create | Villager (Male) |
| 2:52 | Create | Villager (Male) |
| 2:52 | Create | Villager (Male) |
| 3:54 | Create | Fishing Ship |
| 4:36 | Create | Villager (Male) |
| 4:37 | Create | Fishing Ship |
| 4:46 | Build | House |
| 5:00 | Research | Loom |
| 5:21 | Create | Villager (Male) |
| 5:47 | Create | Villager (Male) |
| 6:07 | Create | Villager (Male) |
| 6:09 | Create | Fishing Ship |
| 6:30 | Build | House |
| 6:38 | Create | Villager (Male) |
| 7:06 | Create | Villager (Male) |
| 7:06 | Create | Villager (Male) |
| 7:29 | Create | Villager (Male) |
| 7:30 | Create | Fishing Ship |
| 7:34 | Build | House |
| 7:56 | Create | Villager (Male) |
| 8:24 | Create | Villager (Male) |
| 8:25 | Create | Fishing Ship |
| 8:44 | Create | Villager (Male) |
| 8:53 | Build | Mill |
| 9:17 | Create | Villager (Male) |
| 9:27 | Build | Mill |
| 9:41 | Create | Villager (Male) |
| 9:46 | Build | House |
| 10:11 | Create | Villager (Male) |
| 11:03 | Research | Feudal Age |
| 13:14 | Age | Feudal Age |
| 13:22 | Create | Villager (Male) |
| 13:32 | Build | Market |
| 13:37 | Build | Blacksmith |
| 13:47 | Create | Villager (Male) |
| 14:22 | Create | Villager (Male) |
| 14:41 | Research | Castle Age |
| 14:41 | Research | Castle Age |
| 14:46 | Build | Outpost |
| 15:29 | Build | Lumber Camp |
| 15:43 | Build | Stone Wall |
| 15:44 | Build | Gate |
| 16:11 | Build | House |
| 16:13 | Build | House |
| 16:53 | Build | Stone Wall |
| 16:53 | Build | Stone Wall |
| 16:54 | Build | Stone Wall |
| 16:55 | Build | Stone Wall |
| 16:59 | Create | Villager (Male) |
| 17:07 | Research | Double-Bit Axe |
| 17:12 | Build | Stone Wall |
| 17:14 | Build | Stone Wall |
| 17:23 | Build | Stone Wall |
| 17:26 | Build | Gate |
| 17:27 | Age | Castle Age |
| 17:31 | Create | Villager (Male) |
| 17:37 | Build | Siege Workshop |
| 18:05 | Build | Stone Wall |
| 18:07 | Create | Villager (Male) |
| 18:13 | Build | Stone Wall |
| 18:15 | Build | Stone Wall |
| 18:18 | Build | Gate |
| 18:24 | Create | Mangonel |
| 18:26 | Create | Villager (Male) |
| 18:36 | Create | Villager (Male) |
| 19:01 | Create | Battering Ram |
| 19:20 | Build | Farm |
| 19:21 | Build | Farm |
| 19:21 | Build | Farm |
| 19:21 | Build | Farm |
| 19:29 | Create | Battering Ram |
| 19:32 | Build | Farm |
| 19:34 | Research | Horse Collar |
| 19:35 | Create | Villager (Male) |
| 19:56 | Create | Villager (Male) |
| 20:10 | Build | Mining Camp |
| 20:12 | Create | Villager (Male) |
| 21:00 | Research | Wheelbarrow |
| 21:57 | Research | Town Watch |
| 23:03 | Build | Lumber Camp |
| 24:36 | Build | Town Center |
| 25:33 | Create | Villager (Male) |
| 25:40 | Build | Palisade Wall |
| 25:43 | Build | Palisade Wall |
| 26:41 | Create | Villager (Male) |
| 26:49 | Build | Mill |
Build order — Maruvian
137 actions detected in the replay
| 0:16 | Build | Town Center |
| 1:23 | Build | Dock |
| 2:09 | Build | House |
| 2:31 | Create | Villager (Male) ×4 |
| 3:30 | Create | Fishing Ship |
| 4:17 | Create | Villager (Male) |
| 4:40 | Create | Villager (Male) |
| 5:09 | Create | Villager (Male) |
| 5:12 | Create | Fishing Ship |
| 5:34 | Create | Villager (Male) |
| 5:55 | Create | Fishing Ship |
| 5:57 | Create | Villager (Male) |
| 6:12 | Build | House |
| 6:19 | Research | Loom |
| 6:40 | Create | Villager (Male) |
| 6:40 | Create | Villager (Male) |
| 6:41 | Create | Fishing Ship |
| 7:04 | Create | Villager (Male) |
| 7:18 | Create | Fishing Ship |
| 7:25 | Build | House |
| 7:31 | Create | Villager (Male) |
| 7:40 | Create | Villager (Male) |
| 8:06 | Create | Villager (Male) |
| 8:07 | Create | Fishing Ship |
| 8:10 | Build | House |
| 8:42 | Create | Fishing Ship |
| 8:44 | Create | Villager (Male) |
| 9:05 | Create | Villager (Male) |
| 9:32 | Create | Fishing Ship |
| 9:41 | Create | Villager (Male) |
| 10:05 | Build | Settlement |
| 10:10 | Create | Villager (Male) |
| 10:18 | Build | Settlement |
| 10:30 | Create | Fishing Ship |
| 10:31 | Create | Villager (Male) |
| 10:53 | Research | Feudal Age |
| 11:39 | Build | Barracks |
| 12:23 | Build | Palisade Wall |
| 12:48 | Create | Villager (Male) |
| 12:50 | Build | Palisade Wall |
| 12:50 | Build | Palisade Wall |
| 12:51 | Build | Palisade Wall |
| 12:51 | Build | Palisade Wall |
| 13:01 | Create | Villager (Male) |
| 13:10 | Age | Feudal Age |
| 13:14 | Build | Archery Range |
| 13:26 | Build | Palisade Wall |
| 13:27 | Build | Palisade Wall |
| 13:36 | Build | Blacksmith |
| 13:37 | Create | Villager (Male) |
| 14:15 | Build | Dock |
| 14:17 | Research | Castle Age |
| 14:25 | Create | Archer |
| 14:33 | Build | Watch Tower |
| 15:01 | Create | Archer |
| 15:26 | Create | Archer |
| 15:40 | Build | Archery Range |
| 15:45 | Create | Archer |
| 16:02 | Build | Stone Wall |
| 16:04 | Create | Archer |
| 16:08 | Research | Fletching |
| 16:42 | Create | Archer |
| 17:00 | Create | Villager (Male) |
| 17:05 | Age | Castle Age |
| 17:09 | Research | Double-Bit Axe |
| 17:10 | Create | Villager (Male) |
| 17:11 | Research | Crossbowman (upgrade) |
| 17:15 | Build | Siege Workshop |
| 17:23 | Create | Villager (Male) |
| 17:26 | Create | Archer |
| 17:35 | Build | Farm |
| 17:36 | Build | Farm |
| 17:37 | Build | Farm |
| 17:38 | Build | Farm |
| 17:40 | Create | Villager (Male) |
| 18:13 | Create | Villager (Male) |
| 18:25 | Research | Bodkin Arrow |
| 18:26 | Create | Archer |
| 18:26 | Create | Archer |
| 18:30 | Create | Villager (Male) |
| 18:34 | Build | Stone Wall |
| 18:35 | Build | Stone Wall |
| 18:54 | Create | Villager (Male) |
| 19:17 | Create | Villager (Male) |
| 19:30 | Create | Battering Ram |
| 19:32 | Create | Villager (Male) |
| 19:35 | Create | Archer |
| 19:35 | Create | Archer |
| 19:58 | Create | Villager (Male) |
| 20:05 | Research | Bow Saw |
| 20:06 | Create | Villager (Male) |
| 20:06 | Create | Villager (Male) |
| 20:08 | Build | Farm |
| 20:12 | Build | Farm |
| 20:15 | Build | Farm |
| 20:16 | Build | Farm |
| 20:18 | Build | Farm |
| 20:19 | Build | Farm |
| 20:20 | Create | Villager (Male) |
| 20:36 | Create | Mangonel |
| 20:50 | Build | House |
| 21:03 | Create | Archer |
| 21:03 | Create | Archer |
| 21:11 | Research | Horse Collar |
| 21:18 | Create | Villager (Male) |
| 21:30 | Create | Villager (Male) |
| 21:34 | Research | Padded Archer Armor |
| 21:35 | Create | Archer |
| 21:35 | Create | Archer |
| 21:40 | Build | Farm |
| 21:41 | Build | Farm |
| 21:45 | Build | Farm |
| 21:50 | Create | Villager (Male) |
| 22:18 | Create | Villager (Male) |
| 22:31 | Create | Archer |
| 22:31 | Create | Archer |
| 22:43 | Research | Town Watch |
| 22:46 | Build | Settlement |
| 22:55 | Create | Archer |
| 22:55 | Create | Archer |
| 23:03 | Build | House |
| 23:36 | Create | Archer |
| 23:36 | Create | Archer |
| 23:37 | Create | Villager (Male) |
| 23:38 | Create | Villager (Male) |
| 23:48 | Create | Villager (Male) |
| 23:58 | Create | Villager (Male) |
| 24:04 | Create | Archer |
| 24:04 | Create | Archer |
| 24:04 | Create | Archer |
| 24:06 | Create | Villager (Male) |
| 25:04 | Research | Wheelbarrow |
| 25:07 | Build | Town Center |
| 25:19 | Create | Villager (Male) |
| 25:39 | Create | Archer |
| 25:39 | Create | Archer |
| 25:39 | Create | Archer |
Build order — Prince Of The Darkness
First 150 of 173 actions detected
| 0:23 | Build | House |
| 0:51 | Build | Town Center |
| 1:34 | Build | Dock |
| 3:23 | Create | Villager (Male) |
| 3:23 | Create | Villager (Male) |
| 3:23 | Create | Villager (Male) |
| 3:24 | Create | Villager (Male) |
| 3:24 | Create | Villager (Male) |
| 3:56 | Create | Fishing Ship |
| 3:56 | Create | Fishing Ship |
| 4:14 | Create | Villager (Male) |
| 4:15 | Create | Villager (Male) |
| 4:52 | Create | Fishing Ship |
| 4:53 | Create | Fishing Ship |
| 5:22 | Build | House |
| 5:35 | Create | Villager (Male) |
| 6:00 | Create | Fishing Ship |
| 6:00 | Create | Fishing Ship |
| 6:22 | Create | Villager (Male) |
| 6:22 | Create | Villager (Male) |
| 6:45 | Create | Fishing Ship |
| 6:45 | Create | Fishing Ship |
| 6:46 | Create | Fishing Ship |
| 6:52 | Build | House |
| 7:00 | Create | Villager (Male) |
| 7:25 | Create | Fishing Ship |
| 7:25 | Create | Fishing Ship |
| 7:39 | Create | Villager (Male) |
| 7:39 | Create | Villager (Male) |
| 7:55 | Create | Villager (Male) |
| 7:56 | Create | Villager (Male) |
| 8:03 | Create | Fishing Ship |
| 8:27 | Build | House |
| 8:33 | Create | Villager (Male) |
| 8:38 | Create | Fishing Ship |
| 8:48 | Create | Villager (Male) |
| 9:04 | Create | Villager (Male) |
| 9:07 | Create | Villager (Male) |
| 9:40 | Build | House |
| 10:05 | Create | Fishing Ship |
| 10:14 | Create | Villager (Male) |
| 10:18 | Build | House |
| 10:39 | Build | Dock |
| 10:43 | Create | Villager (Male) |
| 10:44 | Create | Villager (Male) |
| 11:09 | Build | House |
| 11:34 | Create | Villager (Male) |
| 11:57 | Create | Villager (Male) |
| 12:00 | Create | Fishing Ship |
| 12:07 | Build | Lumber Camp |
| 12:13 | Build | Lumber Camp |
| 12:20 | Research | Loom |
| 12:27 | Create | Fishing Ship |
| 12:45 | Create | Villager (Male) |
| 13:06 | Create | Fishing Ship |
| 13:07 | Create | Fishing Ship |
| 13:28 | Research | Feudal Age |
| 13:32 | Create | Villager (Male) |
| 13:46 | Build | Mill |
| 14:51 | Build | Farm |
| 14:54 | Build | Farm |
| 15:01 | Build | Farm |
| 15:38 | Age | Feudal Age |
| 15:44 | Build | Mining Camp |
| 15:48 | Create | Villager (Male) |
| 16:12 | Create | Villager (Male) |
| 16:20 | Build | Blacksmith |
| 16:39 | Create | Villager (Male) |
| 16:41 | Create | Villager (Male) |
| 16:43 | Research | Double-Bit Axe |
| 17:11 | Build | House |
| 17:59 | Create | Villager (Male) |
| 18:04 | Build | Market |
| 18:08 | Build | Market |
| 18:15 | Research | Horse Collar |
| 18:16 | Research | Horse Collar |
| 18:32 | Create | Villager (Male) |
| 18:37 | Build | House |
| 19:11 | Build | Farm |
| 19:15 | Build | Farm |
| 19:17 | Build | Farm |
| 19:21 | Build | Farm |
| 19:24 | Create | Villager (Male) |
| 19:26 | Create | Villager (Male) |
| 19:35 | Research | Castle Age |
| 19:35 | Research | Castle Age |
| 20:19 | Build | Farm |
| 20:22 | Build | Farm |
| 20:23 | Build | Farm |
| 20:31 | Create | Villager (Male) |
| 20:34 | Build | House |
| 20:41 | Build | Outpost |
| 20:45 | Build | Outpost |
| 21:17 | Build | Lumber Camp |
| 21:33 | Build | Fish Trap |
| 22:15 | Age | Castle Age |
| 22:20 | Build | Town Center |
| 22:25 | Research | Bow Saw |
| 22:26 | Create | Villager (Male) |
| 22:33 | Create | Villager (Male) |
| 22:49 | Create | Villager (Male) |
| 23:15 | Build | Town Center |
| 23:21 | Create | Villager (Male) |
| 23:24 | Build | Farm |
| 23:29 | Create | Villager (Male) |
| 23:32 | Create | Villager (Male) |
| 23:36 | Create | Villager (Male) |
| 23:55 | Research | Wheelbarrow |
| 23:56 | Create | Villager (Male) |
| 24:04 | Create | Villager (Male) |
| 24:12 | Build | Farm |
| 24:16 | Build | Farm |
| 24:17 | Create | Villager (Male) |
| 24:19 | Research | Heavy Plow |
| 24:19 | Research | Heavy Plow |
| 24:20 | Create | Villager (Male) |
| 24:37 | Build | Fish Trap |
| 24:38 | Create | Villager (Male) |
| 24:42 | Research | Tech 906 |
| 24:44 | Create | Villager (Male) |
| 24:45 | Create | Villager (Male) |
| 25:04 | Create | Villager (Male) |
| 25:07 | Create | Villager (Male) |
| 25:09 | Build | Barracks |
| 25:30 | Create | Villager (Male) |
| 25:34 | Build | Farm |
| 25:35 | Build | Farm |
| 25:36 | Build | Farm |
| 25:40 | Create | Villager (Male) |
| 25:41 | Create | Villager (Male) |
| 25:42 | Research | Gold Mining |
| 25:42 | Research | Gold Mining |
| 25:42 | Research | Stone Mining |
| 25:47 | Research | Stone Mining |
| 25:47 | Research | Stone Mining |
| 25:48 | Create | Villager (Male) |
| 26:05 | Create | Villager (Male) |
| 26:12 | Create | Villager (Male) |
| 26:19 | Research | Hand Cart |
| 26:20 | Create | Villager (Male) |
| 26:26 | Build | Farm |
| 26:30 | Build | Farm |
| 26:32 | Create | Villager (Male) |
| 26:32 | Create | Villager (Male) |
| 27:08 | Create | Villager (Male) |
| 27:08 | Create | Villager (Male) |
| 27:08 | Create | Villager (Male) |
| 27:14 | Build | Castle |
| 27:23 | Create | Villager (Male) |
| 27:24 | Create | Villager (Male) |
Build order — SNWY4
146 actions detected in the replay
| 0:13 | Build | Town Center |
| 0:25 | Build | House |
| 0:27 | Build | Dock |
| 2:39 | Create | Villager (Male) ×4 |
| 3:54 | Create | Villager (Male) |
| 4:06 | Create | Fishing Ship |
| 4:21 | Build | House |
| 4:44 | Create | Villager (Male) |
| 5:10 | Create | Villager (Male) |
| 5:11 | Create | Villager (Male) |
| 5:36 | Create | Villager (Male) |
| 5:42 | Create | Fishing Ship |
| 5:42 | Create | Fishing Ship |
| 5:42 | Create | Fishing Ship |
| 6:06 | Create | Villager (Male) |
| 6:07 | Create | Villager (Male) |
| 6:09 | Build | House |
| 6:32 | Create | Villager (Male) |
| 6:32 | Create | Villager (Male) |
| 6:35 | Create | Fishing Ship |
| 7:06 | Create | Villager (Male) |
| 7:20 | Create | Villager (Male) |
| 7:27 | Build | House |
| 7:50 | Create | Villager (Male) |
| 7:51 | Create | Villager (Male) |
| 7:52 | Research | Loom |
| 7:54 | Create | Fishing Ship |
| 8:00 | Build | House |
| 8:02 | Create | Villager (Male) |
| 8:12 | Create | Villager (Male) |
| 9:02 | Create | Fishing Ship |
| 9:31 | Build | Palisade Wall |
| 9:33 | Build | Palisade Wall |
| 9:47 | Create | Villager (Male) |
| 10:09 | Build | Settlement |
| 10:13 | Create | Villager (Male) |
| 10:22 | Build | House |
| 10:29 | Create | Fishing Ship |
| 11:04 | Research | Feudal Age |
| 13:01 | Create | Villager (Male) |
| 13:01 | Create | Villager (Male) |
| 13:14 | Age | Feudal Age |
| 13:16 | Build | Market |
| 13:19 | Build | Blacksmith |
| 13:24 | Build | Palisade Wall |
| 14:45 | Research | Castle Age |
| 15:05 | Build | Settlement |
| 16:16 | Create | Villager (Male) |
| 17:06 | Create | Villager (Male) |
| 17:09 | Research | Double-Bit Axe |
| 17:25 | Age | Castle Age |
| 17:27 | Build | Castle |
| 17:42 | Create | Villager (Male) |
| 18:12 | Build | Dock |
| 18:21 | Create | Villager (Male) |
| 18:43 | Create | Villager (Male) |
| 18:57 | Create | Unit 2562 |
| 18:57 | Create | Unit 2562 |
| 19:09 | Create | Villager (Male) |
| 19:23 | Research | Bow Saw |
| 19:36 | Research | Horse Collar |
| 19:46 | Build | Settlement |
| 19:48 | Create | Villager (Male) |
| 19:52 | Build | Farm |
| 19:59 | Build | Farm |
| 20:09 | Create | Fishing Ship |
| 20:25 | Create | Unit 2562 |
| 20:25 | Create | Unit 2562 |
| 20:28 | Create | Villager (Male) |
| 20:31 | Build | Farm |
| 20:37 | Create | Villager (Male) |
| 20:41 | Build | Farm |
| 20:59 | Create | Unit 2562 |
| 21:00 | Create | Villager (Male) |
| 21:13 | Create | Unit 2562 |
| 21:18 | Research | Fletching |
| 21:22 | Build | Farm |
| 21:23 | Build | Farm |
| 21:28 | Create | Unit 2562 |
| 21:53 | Create | Villager (Male) |
| 21:53 | Create | Villager (Male) |
| 22:22 | Build | Town Center |
| 22:25 | Create | Villager (Male) |
| 22:34 | Create | Unit 2562 |
| 22:42 | Research | Bodkin Arrow |
| 22:43 | Create | Villager (Male) |
| 23:06 | Create | Villager (Male) |
| 23:13 | Build | Farm |
| 23:14 | Build | Farm |
| 23:21 | Build | Farm |
| 23:22 | Build | Farm |
| 23:23 | Build | Farm |
| 23:29 | Research | Wheelbarrow |
| 23:31 | Create | Villager (Male) |
| 23:35 | Create | Villager (Male) |
| 23:36 | Create | Villager (Male) |
| 23:40 | Create | Villager (Male) |
| 23:52 | Create | Villager (Male) |
| 23:57 | Create | Unit 2562 |
| 24:13 | Create | Villager (Male) |
| 24:13 | Create | Villager (Male) |
| 24:14 | Create | Villager (Male) |
| 24:19 | Build | Farm |
| 24:22 | Build | Farm |
| 24:23 | Build | Farm |
| 24:30 | Create | Villager (Male) |
| 24:43 | Create | Unit 2562 |
| 24:44 | Create | Unit 2562 |
| 25:05 | Create | Villager (Male) |
| 25:05 | Create | Villager (Male) |
| 25:05 | Create | Villager (Male) |
| 25:30 | Create | Unit 2562 |
| 25:30 | Create | Unit 2562 |
| 25:46 | Create | Villager (Male) |
| 25:47 | Create | Villager (Male) |
| 25:53 | Create | Villager (Male) |
| 25:53 | Create | Villager (Male) |
| 26:07 | Create | Villager (Male) |
| 26:07 | Create | Villager (Male) |
| 26:24 | Create | Villager (Male) |
| 26:24 | Create | Villager (Male) |
| 26:25 | Create | Villager (Male) |
| 26:27 | Create | Unit 2562 |
| 26:52 | Create | Villager (Male) |
| 26:56 | Create | Unit 2562 |
| 27:13 | Create | Villager (Male) |
| 27:14 | Create | Villager (Male) |
| 27:25 | Build | Settlement |
| 27:26 | Build | Farm |
| 27:27 | Build | Farm |
| 27:27 | Build | Farm |
| 27:27 | Build | Farm |
| 27:27 | Build | Farm |
| 27:28 | Build | Farm |
| 27:28 | Build | Farm |
| 27:28 | Build | Farm |
| 27:38 | Build | Settlement |
| 27:43 | Create | Unit 2562 |
| 27:43 | Create | Unit 2562 |
| 27:48 | Create | Unit 2562 |
| 27:48 | Create | Unit 2562 |
| 28:00 | Research | Stone Mining |
| 28:04 | Create | Unit 2562 |
| 28:16 | Create | Villager (Male) |
| 28:17 | Create | Villager (Male) |
| 28:22 | Create | Unit 2562 |
Build order — forest
143 actions detected in the replay
| 0:14 | Build | Town Center |
| 0:34 | Build | Dock |
| 0:36 | Build | House |
| 2:40 | Create | Villager (Male) |
| 2:40 | Create | Villager (Male) |
| 2:40 | Create | Villager (Male) |
| 2:40 | Create | Villager (Male) |
| 3:27 | Create | Villager (Male) |
| 4:17 | Create | Fishing Ship |
| 4:29 | Build | House |
| 4:49 | Research | Loom |
| 5:03 | Create | Villager (Male) |
| 5:32 | Create | Fishing Ship |
| 5:32 | Create | Fishing Ship |
| 5:38 | Create | Villager (Male) |
| 5:38 | Create | Villager (Male) |
| 5:54 | Build | House |
| 6:04 | Create | Villager (Male) |
| 6:04 | Create | Villager (Male) |
| 6:21 | Create | Villager (Male) |
| 6:35 | Create | Fishing Ship |
| 6:58 | Create | Villager (Male) |
| 7:21 | Create | Villager (Male) |
| 7:21 | Create | Villager (Male) |
| 7:23 | Create | Fishing Ship |
| 7:32 | Create | Villager (Male) |
| 7:49 | Create | Fishing Ship |
| 7:49 | Create | Fishing Ship |
| 7:51 | Build | House |
| 7:55 | Create | Villager (Male) |
| 8:07 | Create | Villager (Male) |
| 8:17 | Create | Villager (Male) |
| 8:19 | Create | Villager (Male) |
| 8:45 | Create | Fishing Ship |
| 8:46 | Create | Fishing Ship |
| 8:50 | Build | House |
| 8:53 | Create | Villager (Male) |
| 9:07 | Create | Villager (Male) |
| 9:21 | Create | Villager (Male) |
| 9:21 | Create | Villager (Male) |
| 9:22 | Create | Villager (Male) |
| 9:24 | Build | House |
| 9:40 | Build | Palisade Wall |
| 9:51 | Build | Palisade Wall |
| 9:53 | Build | Palisade Wall |
| 9:57 | Build | Palisade Wall |
| 10:02 | Create | Villager (Male) |
| 10:04 | Create | Fishing Ship |
| 10:04 | Create | Fishing Ship |
| 10:23 | Create | Fishing Ship |
| 11:17 | Build | Lumber Camp |
| 11:44 | Build | Mining Camp |
| 11:49 | Research | Feudal Age |
| 12:06 | Build | Palisade Wall |
| 12:21 | Build | House |
| 12:44 | Build | Mill |
| 12:51 | Build | House |
| 13:14 | Build | Palisade Wall |
| 14:10 | Age | Feudal Age |
| 14:15 | Build | Market |
| 14:21 | Build | Blacksmith |
| 14:25 | Create | Villager (Male) |
| 14:32 | Create | Fishing Ship |
| 14:59 | Research | Castle Age |
| 14:59 | Research | Castle Age |
| 15:39 | Build | Outpost |
| 16:15 | Create | Fishing Ship |
| 16:26 | Build | House |
| 16:33 | Research | Double-Bit Axe |
| 17:39 | Age | Castle Age |
| 17:49 | Build | Castle |
| 17:59 | Research | Town Watch |
| 18:11 | Research | Bow Saw |
| 18:13 | Create | Villager (Male) |
| 18:25 | Research | Gold Mining |
| 18:42 | Build | Town Center |
| 18:44 | Create | Conquistador |
| 18:44 | Create | Conquistador |
| 18:44 | Create | Conquistador |
| 18:59 | Create | Villager (Male) |
| 19:05 | Create | Villager (Male) |
| 19:43 | Create | Villager (Male) |
| 19:43 | Create | Villager (Male) |
| 19:52 | Build | Farm |
| 19:54 | Build | Farm |
| 19:57 | Create | Villager (Male) |
| 19:58 | Create | Villager (Male) |
| 20:47 | Create | Conquistador |
| 20:47 | Create | Conquistador |
| 20:47 | Create | Conquistador |
| 20:47 | Create | Conquistador |
| 21:04 | Create | Conquistador |
| 21:37 | Create | Conquistador |
| 21:37 | Create | Conquistador |
| 21:37 | Create | Conquistador |
| 22:05 | Build | Town Center |
| 22:23 | Create | Conquistador |
| 22:23 | Create | Conquistador |
| 22:23 | Create | Conquistador |
| 23:09 | Create | Conquistador |
| 23:28 | Create | Villager (Male) |
| 23:28 | Create | Villager (Male) |
| 23:28 | Create | Villager (Male) |
| 23:28 | Create | Villager (Male) |
| 24:13 | Create | Conquistador |
| 24:14 | Create | Conquistador |
| 24:14 | Create | Conquistador |
| 24:14 | Create | Conquistador |
| 24:16 | Build | Farm |
| 24:25 | Create | Conquistador |
| 24:25 | Create | Conquistador |
| 24:47 | Create | Villager (Male) |
| 24:52 | Build | Farm |
| 24:52 | Build | Farm |
| 24:53 | Build | Farm |
| 24:53 | Build | Farm |
| 24:53 | Build | Farm |
| 24:53 | Build | Farm |
| 24:53 | Build | Farm |
| 25:03 | Research | Padded Archer Armor |
| 25:03 | Research | Padded Archer Armor |
| 25:27 | Create | Conquistador |
| 25:27 | Create | Conquistador |
| 25:27 | Create | Conquistador |
| 26:13 | Build | House |
| 26:13 | Build | House |
| 26:56 | Create | Conquistador |
| 26:56 | Create | Conquistador |
| 26:56 | Create | Conquistador |
| 26:56 | Create | Conquistador |
| 27:22 | Create | Conquistador |
| 27:22 | Create | Conquistador |
| 27:22 | Create | Conquistador |
| 27:31 | Build | Farm |
| 27:31 | Build | Farm |
| 27:31 | Build | Farm |
| 27:31 | Build | Farm |
| 27:31 | Build | Farm |
| 27:32 | Build | Farm |
| 27:32 | Build | Farm |
| 27:58 | Create | Conquistador |
| 27:58 | Create | Conquistador |
| 28:53 | Build | House |
Build order — CAPTAIN FALCON
148 actions detected in the replay
| 0:19 | Build | Town Center |
| 0:59 | Build | Dock |
| 1:03 | Build | House |
| 2:37 | Create | Villager (Male) |
| 2:38 | Create | Villager (Male) |
| 2:38 | Create | Villager (Male) |
| 2:38 | Create | Villager (Male) |
| 4:11 | Create | Villager (Male) |
| 4:11 | Create | Villager (Male) |
| 4:41 | Create | Fishing Ship |
| 4:46 | Create | Villager (Male) |
| 4:47 | Create | Villager (Male) |
| 4:54 | Build | House |
| 5:06 | Create | Villager (Male) |
| 5:06 | Create | Villager (Male) |
| 5:20 | Build | House |
| 5:46 | Research | Loom |
| 5:47 | Create | Fishing Ship |
| 5:55 | Build | Palisade Wall |
| 6:09 | Create | Villager (Male) |
| 6:12 | Create | Fishing Ship |
| 6:32 | Create | Villager (Male) |
| 6:59 | Create | Villager (Male) |
| 7:00 | Create | Villager (Male) |
| 7:00 | Create | Fishing Ship |
| 7:20 | Create | Villager (Male) |
| 7:20 | Create | Villager (Male) |
| 7:26 | Build | House |
| 7:37 | Create | Fishing Ship |
| 7:53 | Create | Villager (Male) |
| 8:18 | Create | Villager (Male) |
| 8:23 | Create | Villager (Male) |
| 8:28 | Create | Fishing Ship |
| 8:32 | Build | House |
| 8:58 | Create | Villager (Male) |
| 9:09 | Build | House |
| 9:19 | Create | Fishing Ship |
| 9:36 | Create | Villager (Male) |
| 10:14 | Build | Mill |
| 10:17 | Create | Villager (Male) |
| 10:54 | Research | Feudal Age |
| 11:42 | Build | Dock |
| 11:52 | Build | House |
| 12:28 | Create | Villager (Male) |
| 12:46 | Build | Mining Camp |
| 12:57 | Build | Lumber Camp |
| 12:59 | Create | Villager (Male) |
| 13:04 | Age | Feudal Age |
| 13:08 | Create | Unit 2626 |
| 13:10 | Create | Unit 2626 |
| 13:17 | Build | House |
| 13:47 | Create | Villager (Male) |
| 13:53 | Create | Unit 2626 |
| 14:00 | Create | Villager (Male) |
| 14:16 | Create | Unit 2626 |
| 14:17 | Create | Villager (Male) |
| 14:48 | Create | Fire Galley |
| 14:49 | Create | Fire Galley |
| 14:52 | Create | Villager (Male) |
| 14:52 | Create | Villager (Male) |
| 15:23 | Build | Lumber Camp |
| 15:50 | Research | Wheelbarrow |
| 15:51 | Create | Villager (Male) |
| 16:01 | Build | House |
| 16:38 | Build | Market |
| 16:43 | Build | Blacksmith |
| 16:46 | Create | Villager (Male) |
| 16:54 | Build | Blacksmith |
| 16:58 | Create | Villager (Male) |
| 17:09 | Build | Palisade Wall |
| 17:11 | Build | House |
| 17:14 | Create | Fishing Ship |
| 17:15 | Research | Tech 906 |
| 17:34 | Create | Fire Galley |
| 17:40 | Research | Castle Age |
| 18:15 | Build | Palisade Wall |
| 18:17 | Build | Palisade Gate |
| 18:23 | Create | Unit 2626 |
| 18:27 | Create | Fire Galley |
| 18:30 | Create | Galley |
| 18:30 | Research | Double-Bit Axe |
| 19:03 | Build | Lumber Camp |
| 20:08 | Create | Villager (Male) |
| 20:22 | Age | Castle Age |
| 20:28 | Research | War Galley (upgrade) |
| 20:33 | Build | Town Center |
| 20:41 | Build | Barracks |
| 20:47 | Create | Villager (Male) |
| 20:48 | Research | Bow Saw |
| 20:53 | Create | Fishing Ship |
| 20:53 | Create | Fishing Ship |
| 21:15 | Create | Villager (Male) |
| 21:17 | Create | Villager (Male) |
| 21:19 | Create | Villager (Male) |
| 21:23 | Build | House |
| 21:40 | Build | Siege Workshop |
| 21:47 | Create | Villager (Male) |
| 21:49 | Create | Villager (Male) |
| 21:49 | Create | Villager (Male) |
| 22:19 | Create | Mangonel |
| 22:28 | Create | Villager (Male) |
| 22:50 | Build | Castle |
| 23:00 | Build | Stone Wall |
| 23:14 | Create | Villager (Male) |
| 23:14 | Create | Villager (Male) |
| 23:14 | Create | Villager (Male) |
| 23:23 | Create | Villager (Male) |
| 23:33 | Build | Town Center |
| 23:46 | Create | Villager (Male) |
| 24:22 | Create | Villager (Male) |
| 24:23 | Create | Villager (Male) |
| 24:42 | Build | Stone Wall |
| 24:49 | Build | Lumber Camp |
| 24:54 | Research | Gillnets |
| 25:15 | Create | Fishing Ship |
| 25:15 | Create | Fishing Ship |
| 25:16 | Create | Fire Galley |
| 25:18 | Create | Villager (Male) |
| 25:18 | Create | Villager (Male) |
| 25:18 | Create | Villager (Male) |
| 25:42 | Create | Villager (Male) |
| 25:42 | Create | Villager (Male) |
| 26:07 | Create | Fishing Ship |
| 26:08 | Create | Fishing Ship |
| 26:15 | Create | Hussite Wagon |
| 26:15 | Create | Hussite Wagon |
| 26:18 | Research | Fletching |
| 26:27 | Build | University |
| 26:29 | Create | Villager (Male) |
| 26:46 | Build | Castle |
| 26:47 | Create | Hussite Wagon |
| 27:03 | Build | House |
| 27:03 | Build | House |
| 27:04 | Build | House |
| 27:18 | Build | Town Center |
| 27:27 | Create | Hussite Wagon |
| 27:41 | Build | Castle |
| 27:47 | Create | Scorpion |
| 27:56 | Build | Monastery |
| 27:58 | Build | Archery Range |
| 28:01 | Create | Villager (Male) |
| 28:01 | Create | Villager (Male) |
| 28:01 | Create | Villager (Male) |
| 28:44 | Research | Hand Cart |
| 28:45 | Create | Villager (Male) |
| 28:45 | Create | Villager (Male) |
| 28:46 | Create | Villager (Male) |
| 28:46 | Create | Villager (Male) |
Match timeline
| 0:18 | X-F · first_building Dock |
| 0:27 | SNWY4 · first_building Dock |
| 0:34 | forest · first_building Dock |
| 0:39 | Lgame · first_building Dock |
| 0:59 | CAPTAIN FALCON · first_building Dock |
| 1:12 | Seven4Ever · first_building Dock |
| 1:23 | Maruvian · first_building Dock |
| 1:34 | Prince Of The Darkness · first_building Dock |
| 5:55 | CAPTAIN FALCON · wall_segment Palisade Wall x1 |
| 6:11 | X-F · wall_segment Palisade Wall x1 |
| 7:20 | X-F · wall_segment Palisade Wall x3 |
| 8:50 | Seven4Ever · wall_segment Palisade Wall x7 |
| 9:23 | Seven4Ever · wall_segment Palisade Wall x1 |
| 9:26 | Seven4Ever · wall_segment Palisade Wall x3 |
| 9:31 | SNWY4 · wall_segment Palisade Wall x1 |
| 9:33 | SNWY4 · wall_segment Palisade Wall x1 |
| 9:40 | forest · wall_segment Palisade Wall x10 |
| 9:44 | X-F · wall_segment Palisade Wall x2 |
| 9:51 | forest · wall_segment Palisade Wall x7 |
| 9:53 | forest · wall_segment Palisade Wall x3 |
| 9:57 | forest · wall_segment Palisade Wall x10 |
| 11:39 | Maruvian · first_building Barracks |
| 12:06 | forest · wall_segment Palisade Wall x8 |
| 12:23 | Maruvian · wall_segment Palisade Wall x2 |
| 12:50 | Maruvian · wall_segment Palisade Wall x1 |
| 12:50 | Maruvian · wall_segment Palisade Wall x2 |
| 12:51 | Maruvian · wall_segment Palisade Wall x1 |
| 12:51 | Maruvian · wall_segment Palisade Wall x1 |
| 13:04 | CAPTAIN FALCON · age_up feudal |
| 13:10 | Maruvian · age_up feudal |
| 13:14 | Lgame · age_up feudal |
| 13:14 | forest · wall_segment Palisade Wall x7 |
| 13:14 | SNWY4 · age_up feudal |
| 13:14 | Maruvian · first_building Archery Range |
| 13:24 | SNWY4 · wall_segment Palisade Wall x1 |
| 13:26 | Maruvian · wall_segment Palisade Wall x1 |
| 13:27 | Maruvian · wall_segment Palisade Wall x1 |
| 14:10 | forest · age_up feudal |
| 14:11 | SNWY4 · first_market_sell 100 wood |
| 14:12 | SNWY4 · first_market_buy 100 food |
| 14:14 | Seven4Ever · age_up feudal |
| 14:22 | X-F · age_up feudal |
| 14:56 | X-F · wall_segment Palisade Wall x1 |
| 15:34 | Seven4Ever · first_market_sell 100 stone |
| 15:35 | Seven4Ever · first_market_buy 100 food |
| 15:38 | Prince Of The Darkness · age_up feudal |
| 15:43 | Lgame · wall_segment Stone Wall x2 |
| 16:02 | Maruvian · wall_segment Stone Wall x4 |
| 16:32 | X-F · wall_segment Palisade Wall x4 |
| 16:34 | X-F · wall_segment Palisade Wall x4 |
| 16:53 | Lgame · wall_segment Stone Wall x1 |
| 16:53 | Lgame · wall_segment Stone Wall x1 |
| 16:54 | Lgame · wall_segment Stone Wall x1 |
| 16:55 | Lgame · wall_segment Stone Wall x1 |
| 17:05 | Maruvian · age_up castle |
| 17:09 | CAPTAIN FALCON · wall_segment Palisade Wall x2 |
| 17:12 | Lgame · wall_segment Stone Wall x1 |
| 17:14 | Lgame · wall_segment Stone Wall x1 |
| 17:15 | Maruvian · first_building Siege Workshop |
| 17:23 | Lgame · wall_segment Stone Wall x7 |
| 17:25 | SNWY4 · age_up castle |
| 17:27 | Lgame · age_up castle |
| 17:27 | SNWY4 · first_building Castle |
| 17:37 | Lgame · first_building Siege Workshop |
| 17:39 | forest · age_up castle |
| 17:49 | forest · first_building Castle |
| 18:05 | Lgame · wall_segment Stone Wall x3 |
| 18:13 | Lgame · wall_segment Stone Wall x5 |
| 18:15 | CAPTAIN FALCON · wall_segment Palisade Wall x1 |
| 18:15 | Lgame · wall_segment Stone Wall x5 |
| 18:26 | Seven4Ever · age_up castle |
| 18:28 | Seven4Ever · first_building Castle |
| 18:34 | Maruvian · wall_segment Stone Wall x1 |
| 18:35 | Maruvian · wall_segment Stone Wall x1 |
| 18:52 | X-F · first_market_sell 100 food |
| 18:53 | X-F · first_market_buy 100 stone |
| 19:02 | X-F · age_up castle |
| 19:12 | X-F · first_building Castle |
| 19:32 | Prince Of The Darkness · first_market_sell 100 food |
| 20:08 | X-F · first_building Siege Workshop |
| 20:22 | CAPTAIN FALCON · age_up castle |
| 20:41 | CAPTAIN FALCON · first_building Barracks |
| 21:27 | X-F · wall_segment Palisade Wall x6 |
| 21:40 | CAPTAIN FALCON · first_building Siege Workshop |
| 22:02 | forest · first_market_buy 100 stone |
| 22:10 | X-F · first_building Barracks |
| 22:15 | Prince Of The Darkness · age_up castle |
| 22:50 | CAPTAIN FALCON · first_building Castle |
| 23:00 | CAPTAIN FALCON · wall_segment Stone Wall x7 |
| 23:19 | X-F · first_building Stable |
| 23:37 | Seven4Ever · wall_segment Stone Wall x7 |
| 23:45 | Seven4Ever · wall_segment Stone Wall x5 |
| 24:42 | CAPTAIN FALCON · wall_segment Stone Wall x5 |
| 25:09 | Prince Of The Darkness · first_building Barracks |
| 25:40 | Lgame · wall_segment Palisade Wall x1 |
| 25:43 | Lgame · wall_segment Palisade Wall x1 |
| 27:14 | Prince Of The Darkness · first_building Castle |
| 27:56 | CAPTAIN FALCON · first_building Monastery |
| 27:58 | CAPTAIN FALCON · first_building Archery Range |
| 28:04 | Lgame · resign |
[ AI ANALYSIS · 1 CREDIT ]
What really happened in this match?
Wolo.gg analyzes every decision: build order, eco, micro, common mistakes by bracket. Personalized analysis on WhatsApp or Discord in 30 seconds.
Civ guide
Armenians
Perfil
Jugador #1643521